 Dungeon Crawl Stone Soup version 0.29-a0-206-g4a66f2e2b5 (webtiles) character file.

Game seed: 13585781584269308147

148 Inarius the Skirmisher (level 5, -4/39 (42) HPs)
             Began as a Demonspawn Fighter on Feb 23, 2022.
             Was an Initiate of Nemelex Xobeh.
             Killed by divine providence
             ... invoked by an orc priest
              (10 damage)
             ... on level 3 of the Dungeon.
             The game lasted 00:03:32 (3039 turns).

Inarius the Skirmisher (Demonspawn Fighter)         Turns: 3039, Time: 00:03:34

HP:   -4/39 (42)    AC:  9    Str: 18    XL:     5   Next: 8%
MP:   5/5           EV:  9    Int:  9    God:    Nemelex Xobeh [......]
Gold: 166           SH:  5    Dex: 13    Spells: 4/4 levels left

rFire   . . .      SeeInvis +   a - +0 war axe
rCold   . . .      Faith    .   c - +0 buckler
rNeg    . . .      Spirit   .   b - +0 scale mail
rPois   .          Reflect  .   (no helmet)
rElec   .          Harm     .   (no cloak)
rCorr   .          Rampage  .   (no gloves)
Will    .....                   (no boots)
Stlth   ..........              (no amulet)
HPRegen 0.13/turn               r - ring of see invisible
MPRegen 0.09/turn               (no ring)

@: mighty, drained
A: claws 1, molten scales 2, ignite blood 1
a: Renounce Religion, Draw Escape, Draw Destruction, Draw Summoning


You were on level 3 of the Dungeon.
You worshipped Nemelex Xobeh.
Nemelex Xobeh was noncommittal.
You visited 1 branch of the dungeon, and saw 4 of its levels.

You collected 166 gold pieces.

Inventory:

Hand Weapons
 a - a +0 war axe (weapon)
Armour
 b - a +0 scale mail (worn)
 c - a +0 buckler (worn)
 p - a +0 plate armour
Jewellery
 q - a ring of fire
 r - a ring of see invisible (left claw)
Scrolls
 i - a scroll of immolation {unknown}
 j - 2 scrolls of identify {unknown}
 k - 2 scrolls of enchant armour {unknown}
 l - a scroll of amnesia {unknown}
Potions
 e - a potion of mutation {unknown}
 f - a potion of flight {unknown}
 g - 2 potions of curing {unknown}
 h - a potion of haste {unknown}
 m - a potion of degeneration {unknown}
 n - 2 potions of lignification {unknown}
 o - a potion of brilliance {unknown}


   Skills:
 + Level 3.8 Fighting
 - Level 2.0 Axes
 + Level 3.6 Armour
 + Level 3.3 Shields
 * Level 1.6 Unarmed Combat
 * Level 0.1 Invocations


You had 4 spell levels left.
You didn't know any spells.
Your spell library contained the following spells:

 Spells                   Type           Power      Damage    Failure   Level
 Sandblast                Erth           0%         2d4       86%         1
 Passwall                 Tmut/Erth      0%         N/A       94%         2
 Sublimation of Blood     Necr           0%         N/A       94%         2
 Wereblood                Tmut           0%         N/A       94%         2
 Stone Arrow              Conj/Erth      0%         3d7       99%         3
 Summon Hydra             Summ           0%         N/A       100%        7


Dungeon Overview and Level Annotations

Branches:
Dungeon (4/15)
 Temple: D:4-7

Altars:
Gozag
Nemelex Xobeh
Zin


Innate Abilities, Weirdness & Mutations

You have sharp fingernails.
You are mostly covered in molten scales. (AC +3)
Your demonic aura sometimes causes spilled blood to erupt in flames.


Message History

There is a stone staircase leading down, spattered with blood here.
You barely miss the orc priest. You barely miss the orc.
The orc priest closely misses you.
The orc hits you with a +1 flail of draining.
You feel drained.
The orc priest calls down the wrath of Beogh upon you.
Beogh smites you!
You slash the orc priest!
The orc priest is heavily wounded.
You closely miss the orc. You block the orc's attack.
The orc priest mumbles some strange prayers to Beogh against you.
Beogh smites you! The orc closely misses you.
Unknown command.
Unknown command.
You are too injured to fight recklessly!
Unknown command.
You are too injured to fight recklessly!
Unknown command.
You are too injured to fight recklessly!
You are too injured to fight recklessly!
You hit the orc priest.
The orc priest is heavily wounded.
You closely miss the orc.
The orc priest mumbles some strange prayers to Beogh against you.
Beogh smites you!
* * * LOW HITPOINT WARNING * * *
The orc hits you but does no damage.
You feel drained.
You feel very mighty all of a sudden. The orc priest hits you with a +0 club.
* * * LOW HITPOINT WARNING * * *
The orc barely misses you.
You closely miss the orc priest.
The orc priest is heavily wounded.
You slash the orc!
You kill the orc!
The orc priest hits you but does no damage.
The orc priest calls down the wrath of Beogh upon you.
Beogh smites you!
You die...
Your body disappears without a glow.

####....###.########†.......#
#.##.....................#
####.######.########).......#
#....# #.# #........# ..####
#.# #........# ...# #<#
##........# ...# #.#
####..#......# .<.# #.#
##.o..##......# ...# #.#
#)@)####......# ...## ###
##.[# #.....># ....# #.÷##
#......# ###.####
#...###......# # #....#
#≈..##.......# # #....#
###≈≈.##.......# ###.####
#≈≈≈≈.#..####### #...#
#≈#≈≈.#)## ..### §≈##≈..#.#
#######


You could see an orc priest.

Vanquished Creatures
  3 adders
  3 gnolls (D:3)
  2 dart slugs (D:1)
  10 orcs
  9 ball pythons
  5 bats
  3 endoplasms
  2 giant cockroaches
  9 goblins
  8 hobgoblins
  4 quokkas
  2 frilled lizards (D:2)
  8 kobolds
  8 rats
76 creatures vanquished.

Notes
Turn   | Place    | Note
-------+----------+-------------------------------------------
     0 | D:1      | Inarius the Demonspawn Fighter began the quest for the Orb.
     0 | D:1      | Reached XP level 1. HP: 18/18 MP: 1/1
   224 | D:1      | Gained mutation: You have sharp fingernails. [demonic
                  | ancestry]
   224 | D:1      | Reached XP level 2. HP: 24/24 MP: 2/2
   574 | D:1      | Found a faded altar of an unknown god.
  1005 | D:1      | Gained mutation: You are partially covered in molten
                  | scales. (AC +2) [demonic ancestry]
  1005 | D:1      | Reached XP level 3. HP: 26/29 MP: 3/3
  1317 | D:2      | Reached skill level 1 in Unarmed Combat
  1612 | D:2      | Gained mutation: Your demonic aura sometimes causes spilled
                  | blood to erupt in flames. [demonic ancestry]
  1612 | D:2      | Reached XP level 4. HP: 35/35 MP: 4/4
  2786 | D:3      | Gained mutation: You are mostly covered in molten scales.
                  | (AC +3) [demonic ancestry]
  2786 | D:3      | Reached XP level 5. HP: 39/42 MP: 5/5
  2821 | D:3      | Found an opulent altar of Gozag.
  2822 | D:3      | Found a sparkling altar of Nemelex Xobeh.
  2921 | D:3      | Became a worshipper of Nemelex Xobeh the Trickster
  3039 | D:3      | Killed from afar by an orc priest

Illustrated notes

Levels and vault maps discovered:
D:1:      zaba_arrival_water, layout_basic,
          hellmonk_ecumenical_altar_pennies_from_heaven
D:2:      layout_basic, nicolae_concentric_dashed_squares_wild
D:3:      layout_rooms, zin_scriptorium, grunt_temple_overflow_opulence,
          chequers_garden, lemuel_another_geyser
D:4:      layout_basic, cheibrodos_worm_habitat, chequers_serial_rivers_micro_b,
          minivault_5

Skill      XL: |  1  2  3 |
---------------+----------+-----
Axes           | 2 |  2.0
Armour         | 3 |  3.6
Shields        | 3 |  3.3
Unarmed Combat | 1 |  1.6
Fighting       | |  3.8
Invocations    | |  0.1

Action                   |  1- 3 |  4- 6 || total
-------------------------+-------+-------++-------
Melee: War axe           |   113 |    95 ||   208
  Use: Potion            |       |     1 ||     1
Armor: Scale mail        |    50 |    55 ||   105
Dodge: Dodged            |    50 |    51 ||   101
Block: Buckler           |    26 |    27 ||    53

Table legend: (Time is in decaauts)
 A = Elapsed time spent in this place.
 B = Non-inter-level travel time spent in this place.
 C = Inter-level travel time spent in this place.
 D = Time resting spent in this place.
 E = Time spent auto-exploring this place.
 F = Levels seen in this place.
 G = Mean time per level.
                   A        B        C        D        E       F      G
               +--------+--------+--------+--------+--------+-----+--------+
         Total |   3141 |   2976 |    165 |    551 |   1849 |   4 |  785.2 |
       Dungeon |   3141 |   2976 |    165 |    551 |   1849 |   4 |  785.2 |
               +--------+--------+--------+--------+--------+-----+--------+

Top non-repeatable levels by time:
     D:1: 1198 daAuts
     D:3: 1006 daAuts
     D:2: 929 daAuts
     D:4: 7 daAuts
